Construct Section Command Post
Construct Platoon Command Post
Selects Canadian Shock Battlegroup
Selects Canadian Shock Section
Construct Field Infirmary
Selects Incendiary Munitions
Unlock M3 Stuart Light Tanks
Selects Churchill Crocodile Heavy Tank
Churchill Crocodile Heavy Tank
6-pounder Anti-tank Gun Team
Construct Company Command Post
Unlock Bishop Self-propelled Artillery
Bishop Self-propelled Artillery
Bishop Self-propelled Artillery
Bishop Self-propelled Artillery
Bishop Self-propelled Artillery
Bishop Self-propelled Artillery